 Dungeon Crawl Stone Soup version 0.31-a0-841-g038b102fc3 (webtiles) character file.

Game seed: 15069830795294338956

8761 DApurpleWHUMPUS the Destroyer (level 11, -1/88 HPs)
             Began as an Ogre Fire Elementalist on Sept 28, 2023.
             Was a Believer of Vehumet.
             Slain by a komodo dragon (12 damage)
             ... while petrified by a catoblepas
             ... on level 8 of the Dungeon.
             The game lasted 00:38:57 (15789 turns).

DApurpleWHUMPUS the Destroyer (OgFE)               Turns: 15789, Time: 00:38:58

Health: -1/88      AC:  7    Str: 14    XL:     11   Next: 35%
Magic:  15/24      EV:  1    Int: 20    God:    Vehumet [**....]
Gold:   262        SH:  0    Dex:  9    Spells: 10/29 levels left

rFire   . . .        o - +7 spear (freeze)
rCold   . . .        (no shield)
rNeg    + + +        a - +1 robe
rPois   ∞            x - +2 hat
rElec   .            q - +0 cloak {Will+}
rCorr   .            (gloves unavailable)
SInv    .            (boots unavailable)
Will    ++...        (no amulet)
Stlth   +            (no ring)
HPRegen 0.34/turn    (no ring)
MPRegen 0.19/turn

%: no passive effects
@: swift (expiring), petrified, very quick
A: large, unfitting armour, tough skin 1, talons 1, poison resistance, inability
to drink after injury 1
a: Renounce Religion


You were on level 8 of the Dungeon.
You worshipped Vehumet.
Vehumet was pleased with you.
You visited 3 branches of the dungeon, and saw 12 of its levels.

You collected 459 gold pieces.
You spent 197 gold pieces at shops.

Inventory:

Hand Weapons
 h - a +2 short sword of venom
 k - a +1 hand axe of flaming
 o - a +7 spear of freezing (weapon)
Missiles
 s - a throwing net
Armour
 a - a +1 robe (worn)
 q - a +0 cloak of willpower (worn)
 x - a +2 hat (worn)
Jewellery
 j - a ring of willpower
 A - an amulet of the acrobat
Wands
 n - a wand of roots (7)
 u - a wand of digging (11)
 y - a wand of mindburst (20)
Scrolls
 c - 5 scrolls of vulnerability
 d - 5 scrolls of identify
 f - 5 scrolls of noise
 g - a scroll of immolation
 l - a scroll of enchant weapon
 w - 3 scrolls of fog {unknown}
 B - a scroll of torment
Potions
 b - 2 potions of magic
 e - 3 potions of degeneration
 i - 2 potions of brilliance
 m - a potion of berserk rage
 p - a potion of might
 r - a potion of heal wounds
 t - 2 potions of curing
 v - 3 potions of ambrosia
 z - 2 potions of resistance
 C - a potion of haste


   Skills:
 - Level 1.7 Dodging
 - Level 1.4 Stealth
 + Level 9.8 Spellcasting
 - Level 10.2 Conjurations
 - Level 7.6 Fire Magic
 * Level 6.2 Air Magic


You had 10 spell levels left.
You knew the following spells:

 Your Spells              Type           Power      Damage    Failure   Level
a - Foxfire               Conj/Fire      100%       2x1d9     1%          1
b - Scorch                Fire           80%        2d8       1%          2
c - Shock                 Conj/Air       100%       1d9       1%          1
d - Inner Flame           Hex/Fire       25%        N/A       4%          3
e - Swiftness             Air            34%        N/A       1%          3
f - Fireball              Conj/Fire      22%        3d10      4%          5
g - Airstrike             Air            17%        2d(3-19)  5%          4

Your spell library contained the following spells:

 Spells                   Type           Power      Damage    Failure   Level
 Magic Dart               Conj           100%       1d8       1%          1
 Kiss of Death            Conj/Necr      100%       2d13      1%          1
 Flame Wave               Conj/Fire      45%        2d12      1%          4
 Iskenderun's Battlesphe  Conj           50%        2d10      3%          5
 Cigotuvi's Dreadful Rot  Necr/Pois/Air  36%        N/A       4%          2
 Volatile Blastmotes      Fire/Tloc      50%        2d14      4%          3
 Apportation              Tloc           18%        N/A       7%          1
 Necrotise                Necr           36%        1d5       7%          1
 Summon Small Mammal      Summ           36%        N/A       7%          1
 Brom's Barrelling Bould  Conj/Erth      30%        2d5       9%          4
 Ensorcelled Hibernation  Hex/Ice        18%        N/A       11%         2
 Jinxbite                 Hex            18%        N/A       11%         2
 Wereblood                Tmut           9%         N/A       11%         2
 Confusing Touch          Hex            9%         N/A       22%         3
 Irradiate                Conj/Tmut      15%        3d16      24%         5
 Conjure Ball Lightning   Conj/Air       21%        3x3d6     36%         6
 Anguish                  Hex/Necr       4%         N/A       56%         4
 Dispel Undead            Necr           9%         3d8       56%         4
 Orb of Destruction       Conj           25%        9d9       65%         7
 Death Channel            Necr           4%         N/A       100%        6


Dungeon Overview and Level Annotations

Branches:
Dungeon (9/15)             Temple (1/1) D:5            Lair (2/5) D:8
  Swamp: Lair:2-3    Shoals: Lair:2-3     Snake: Lair:2-3    Spider: Lair:2-3
    Orc: D:9-12

Altars:
Ashenzari
Cheibriados
Dithmenos
Fedhas
Gozag
Hepliaklqana
Kikubaaqudgha
Makhleb
Nemelex Xobeh
Okawaru
Qazlal
Ru
Sif Muna
Trog
Uskayaw
Vehumet
Wu Jian
Xom
Yredelemnul
Zin
The Shining One

Shops:
D:1 :?*[   D:2 (((   D:8 [


Innate Abilities, Weirdness & Mutations

You are too large for most types of armour.
You have tough skin. (AC +1)
You have sharp toenails.
Your system is resistant to poisons. (rPois)
You occasionally lose the ability to drink potions when taking damage.


Message History

You feel a strange surge of energy.
The catoblepas breathes a plume of calcifying dust at you.
The blast of calcifying dust hits you.
Casting: Fireball (dangerous; 4% risk of failure)
Confirm with . or Enter, or press ? or * to list all spells.
Aiming: Fireball (dangerous; 4% risk of failure)
Press: ? - help, Shift-Dir - straight line, p - komodo dragon
Okay, then.
Casting: Fireball (dangerous; 4% risk of failure)
Confirm with . or Enter, or press ? or * to list all spells.
Flames lash the catoblepas.
The catoblepas is lightly wounded.
The catoblepas's fire resistance burns away.
Casting: Scorch (safe; 1% risk of failure)
Confirm with . or Enter, or press ? or * to list all spells.
Flames lash the catoblepas.
The catoblepas is burned terribly!
The catoblepas is moderately wounded.
The catoblepas gores you!!
The catoblepas breathes a plume of calcifying dust at you.
The blast of calcifying dust hits you but does no damage.
The komodo dragon bites you!!
* * * LOW HITPOINT WARNING * * *
The catoblepas breathes a plume of calcifying dust at you.
The blast of calcifying dust hits the komodo dragon but does no damage.
The blast of calcifying dust hits you!
* * * LOW HITPOINT WARNING * * *
The komodo dragon is engulfed in calcifying dust.
The komodo dragon is moving more slowly.
There is a staircase back to the Dungeon here.
You are engulfed in calcifying dust.
You are slowing down.
You climb upwards.
Welcome back to the Dungeon!
You have turned to stone.
You start to feel a little slower.
The komodo dragon bites you!
* * * LOW HITPOINT WARNING * * *
The komodo dragon bites you.
* * * LOW HITPOINT WARNING * * *
Your magical contamination has completely faded away.
The komodo dragon bites you!!
You die...

#.# ##)#########
#..........#
#..........#
######
#..........#
#....#
#...########
#....# #...#
.....####...######
................@#
...............l##
..........>.....#
.....#####.######
###### #.# #######
#.############
......#
#............#
......#
#............#
......#
#............#


You could see a komodo dragon (petrifying).

Vanquished Creatures
  A hydra (Lair:2)
  A cane toad (Lair:2)
  2 ice devils
  A hornet (D:8)
  2 tyrant leeches (Lair:2)
  10 yaks (D:8)
  Sigmund (D:2)
  2 wyverns (Lair:1)
  Eustachio (D:6)
  2 steam dragons
  Menkaure (D:5)
  A swamp worm (Lair:2)
  5 water moccasins
  2 sky beasts
  3 ice beasts
  2 black bears
  4 centaurs
  An ogre (D:5)
  A phantom (D:7)
  Blork the orc (D:4)
  5 bullfrogs
  A gnoll sergeant (D:6)
  4 kobold brigands
  4 scorpions
  8 wights
  10 killer bees (D:9)
  2 hounds
  3 orc priests
  3 iguanas
  2 jellies
  A sleepcap (D:7)
  Natasha (thrice) (D:3)
  4 orc wizards
  14 gnolls
  9 adders
  2 shadow imps
  2 white imps
  An ufetubus (D:4)
  2 worms (D:3)
  2 dart slugs (D:1)
  17 orcs
  9 ball pythons
  10 endoplasms
  A giant cockroach (D:2)
  9 hobgoblins
  4 quokkas
  8 bats
  A frilled lizard (D:1)
  7 goblins
  29 kobolds
  10 rats
231 creatures vanquished.

Vanquished Creatures (others)
  367 foxfires
367 creatures vanquished.

Grand Total: 598 creatures vanquished

Notes
Turn   | Place    | Note
-------+----------+-------------------------------------------
     0 | D:1      | DApurpleWHUMPUS the Ogre Fire Elementalist began the quest
                  | for the Orb.
     0 | D:1      | Reached XP level 1. HP: 16/16 MP: 3/3
    95 | D:1      | Reached skill level 1 in Conjurations
   160 | D:1      | Reached XP level 2. HP: 15/24 MP: 0/5
   409 | D:1      | Found Neuxelig's Assorted Antiques.
   415 | D:1      | Bought a fizzy sapphire potion for 14 gold pieces
   416 | D:1      | Found Bushrimuh's Magic Scroll Shoppe.
   451 | D:1      | Bought a scroll of identify for 22 gold pieces
   548 | D:1      | Reached XP level 3. HP: 31/31 MP: 4/7
   819 | D:1      | Found Qigemapu's Antique Armour Shop.
   905 | D:1      | Found Xuhuil's Book Emporium.
  1062 | D:2      | Noticed Sigmund
  1074 | D:2      | Killed Sigmund
  1075 | D:2      | Reached skill level 2 in Conjurations
  1075 | D:2      | Reached XP level 4. HP: 18/39 MP: 7/9
  1075 | D:2      | Reached XP level 5. HP: 21/45 MP: 7/10
  1201 | D:2      | Found Couwaoka's Weapon Emporium.
  1681 | D:2      | Found Aleunua's Weapon Shop.
  1692 | D:2      | Learned a level 2 spell: Scorch
  1813 | D:2      | Found Sereagis's Weapon Boutique.
  1908 | D:2      | Reached XP level 6. HP: 51/53 MP: 5/11
  1988 | D:2      | Found a faded altar of an unknown god.
  2134 | D:3      | Noticed Natasha
  2142 | D:3      | Killed Natasha
  2212 | D:3      | Found a stormy altar of Qazlal.
  2212 | D:3      | Found a glowing silver altar of Zin.
  2239 | D:3      | Gained mutation: You occasionally lose the ability to drink
                  | potions when taking damage. [potion of mutation]
  2239 | D:3      | Gained mutation: You have sharp toenails. [potion of
                  | mutation]
  2239 | D:3      | Gained mutation: Your system is resistant to poisons.
                  | (rPois) [potion of mutation]
  2631 | D:3      | Noticed Natasha
  2637 | D:3      | Killed Natasha
  2639 | D:3      | Noticed Natasha
  2848 | D:3      | Reached skill level 3 in Conjurations
  2848 | D:3      | Reached skill level 5 in Fire Magic
  2970 | D:3      | Killed Natasha
  3781 | D:4      | Reached XP level 7. HP: 59/59 MP: 10/13
  4865 | D:5      | Entered Level 5 of the Dungeon
  4865 | D:5      | Noticed Blork the orc
  4881 | D:4      | Killed Blork the orc
  4882 | D:4      | Reached skill level 5 in Spellcasting
  5016 | D:5      | Reached XP level 8. HP: 53/67 MP: 4/15
  5244 | D:4      | Learned a level 1 spell: Shock
  5248 | D:4      | Learned a level 3 spell: Inner Flame
  5279 | D:5      | Reached skill level 4 in Conjurations
  5701 | D:5      | Found a staircase to the Ecumenical Temple.
  5763 | Temple   | Entered the Ecumenical Temple
  5773 | Temple   | Became a worshipper of Vehumet
  6250 | D:5      | Noticed Menkaure
  6257 | D:5      | Killed Menkaure
  6872 | D:5      | Identified a scroll of acquirement
  6872 | D:5      | Acquired a book of the Spheres
  6961 | D:6      | Noticed Eustachio
  6973 | D:6      | Killed Eustachio
  6974 | D:6      | Reached skill level 5 in Conjurations
  6988 | D:6      | Reached skill level 1 in Air Magic
  7162 | D:6      | Reached XP level 9. HP: 64/74 MP: 1/18
  7498 | D:6      | Reached skill level 6 in Conjurations
  7549 | D:6      | Reached * piety under Vehumet
  7549 | D:6      | Offered knowledge of Kiss of Death by Vehumet.
  7809 | D:6      | Found a shadowy altar of Dithmenos.
  7989 | D:6      | Found a blossoming altar of Fedhas.
  7989 | D:6      | Found a shimmering altar of Xom.
  7989 | D:6      | Found a shimmering blue altar of Sif Muna.
  8045 | D:7      | Found a hazy altar of Hepliaklqana.
  8330 | D:7      | Found a basalt altar of Yredelemnul.
  8697 | D:7      | Reached skill level 7 in Conjurations
  8775 | D:7      | Learned a level 3 spell: Swiftness
  9466 | D:8      | Found a staircase to the Lair.
  9522 | D:8      | Reached XP level 10. HP: 53/81 MP: 11/22
  9534 | D:8      | Reached skill level 8 in Conjurations
  9967 | D:8      | Found a broken altar of Ashenzari.
 10002 | D:8      | Learned a level 5 spell: Fireball
 10050 | D:8      | Offered knowledge of Magic Dart by Vehumet.
 10638 | D:8      | Reached ** piety under Vehumet
 10662 | D:8      | Reached skill level 5 in Air Magic
 11469 | D:8      | Found a sparkling altar of Nemelex Xobeh.
 11469 | D:8      | Found an opulent altar of Gozag.
 11686 | D:8      | Found Onui's Armour Boutique.
 11689 | D:8      | Bought a +0 cloak of willpower for 161 gold pieces
 11838 | D:9      | Reached skill level 9 in Conjurations
 12522 | D:9      | Noticed a rust devil
 12921 | D:8      | Reached XP level 11. HP: 73/88 MP: 3/24
 13294 | Lair:1   | Entered Level 1 of the Lair of Beasts
 13504 | Lair:1   | Learned a level 4 spell: Airstrike
 14744 | Lair:2   | Reached skill level 10 in Conjurations
 14810 | Lair:2   | Noticed a six-headed hydra
 14815 | Lair:2   | Killed a six-headed hydra
 15372 | Lair:2   | Noticed a catoblepas
 15789 | D:8      | Slain by a komodo dragon

Illustrated notes

Levels and vault maps discovered:
D:1:      giann_wishing_wells, layout_basic, serial_shops, shop_scrolls,
          shop_fountains, shop, shop
D:2:      layout_basic, hellmonk_ecumenical_altar_leap_of_faith, serial_shops,
          shop, shop, shop, dreamdust_princess_bridge, uniq_sigmund
D:3:      layout_rooms, chequers_temple_overflow_statue_of_worship,
          portal_sewer_entry_e, uniq_natasha
D:4:      layout_loops_cross
D:5:      layout_basic, temple_statues, minmay_chambers_of_fives,
          uniq_blork_the_orc, uniq_menkaure
D:6:      layout_rooms, gammafunk_temple_overflow_claw, lemuel_doored_altar,
          uniq_eustachio
D:7:      layout_loops_ring, lemuel_crystal_altar, mainiacjoe_overflow_24_doors
D:8:      layout_basic, grunt_temple_overflow_opulence,
          nicolae_ashenzari_skybound, lair_entry_dummy, serial_shops,
          nicolae_shop_behind_doors
D:9:      layout_loops_cross, amcnicky_altar_gilded, hiddenorc2_lemuel,
          nicolae_neqoxec_dot_bat
Temple:   hellmonk_temple_rainy
Lair:1:   layout_hall_layers
Lair:2:   layout_gridlike, minmay_swamp_entry_worms,
          guppyfry_snake_entry_garden, pdpol_lair_cabin_in_the_woods

Skill      XL: |  1  2  3  4  5  6  7  8  9 10 11 |
---------------+----------------------------------+-----
Conjurations   | 1 2 3 5 7 9 10 | 10.2
Fire Magic     | 3 4 5 6 7 |  7.6
Spellcasting   | 3 4 5 6 8 9 |  9.8
Air Magic      | 1 4 5 6 |  6.2
Dodging        | |  1.7
Stealth        | |  1.4

Action                     |  1- 3 |  4- 6 |  7- 9 | 10-12 || total
---------------------------+-------+-------+-------+-------++-------
  Melee: Unarmed           |    12 |       |       |       ||    12
         Short sword       |    42 |    39 |    47 |       ||   128
         Punch             |       |     1 |     4 |       ||     5
         Kick              |       |     7 |    13 |    14 ||    34
         Spear             |       |       |    29 |    53 ||    82
   Cast: Foxfire           |    41 |    60 |    97 |    60 ||   258
         Scorch            |       |    23 |    98 |    78 ||   199
         Shock             |       |       |     9 |    19 ||    28
         Swiftness         |       |       |     2 |     4 ||     6
         Inner Flame       |       |       |     1 |     5 ||     6
         Fireball          |       |       |       |    17 ||    17
  Evoke: Wand              |       |       |       |     1 ||     1
    Use: Scroll            |     2 |     1 |     9 |     8 ||    20
         Potion            |       |     5 |       |     3 ||     8
   Stab: Sleeping          |     1 |     1 |     4 |       ||     6
 Armour: Robe              |    55 |    67 |   112 |   126 ||   360
  Dodge: Dodged            |    33 |    25 |    66 |    47 ||   171

Table legend: (Time is in decaauts)
 A = Elapsed time spent in this place.
 B = Non-inter-level travel time spent in this place.
 C = Inter-level travel time spent in this place.
 D = Time resting spent in this place.
 E = Time spent auto-exploring this place.
 F = Levels seen in this place.
 G = Mean time per level.
                   A        B        C        D        E       F      G
               +--------+--------+--------+--------+--------+-----+--------+
         Total |  15782 |  15097 |    685 |   6800 |   6000 |  12 | 1315.2 |
       Dungeon |  13269 |  12652 |    617 |   5563 |   4988 |   9 | 1474.3 |
        Temple |     20 |      2 |     18 |      0 |      0 |   1 |   20.0 |
          Lair |   2492 |   2442 |     50 |   1237 |   1012 |   2 | 1246.0 |
               +--------+--------+--------+--------+--------+-----+--------+

Top non-repeatable levels by time:
     D:8: 3182 daAuts
  Lair:1: 2025 daAuts
     D:5: 1714 daAuts
     D:2: 1479 daAuts
     D:4: 1399 daAuts
     D:3: 1349 daAuts
     D:7: 1249 daAuts
     D:6: 1088 daAuts
     D:1: 993 daAuts
     D:9: 812 daAuts
  Lair:2: 466 daAuts
  Temple: 20 daAuts
